Map: Whirlwind LE (Void)

Players

Musumeci

  • Race: Zerg Zerg
  • League: Diamond
  • Spawn Location: 5:00

Birk - Winner!

  • Race: Protoss Protoss
  • League: Diamond
  • Spawn Location: 11:00

VOD

Have the link to the VOD?

Description

Time

  • Played on: Dec. 28, 2016, 9:41 a.m.
  • Length: 10:29
Show
View Real Time Build Order
Export as new Build Order

Musumeci Zerg 

Build Orders: Hatch First 

Get SALT Encoding   

  12  0:01  Drone  
  13  0:08  Drone  
  14  0:17  Overlord  
  14  0:25  Extractor  
  14  0:26  Drone  
  15  0:35  Drone x2  
  17  0:54  Hatchery  
  16  1:08  Spawning Pool  
  15  1:12  Extractor  
  15  1:15  Drone  
  15  1:18  Drone  
  16  1:21  Drone  
  17  1:26  Drone  
  18  1:37  Drone  
  19  1:58  Queen  
  19  1:59  Drone  
  22  2:08  Queen  
  24  2:13  Drone x3  
  27  2:25  Drone  
  28  2:34  Overlord  
  28  2:38  Metabolic Boost  
  28  2:52  Drone x2  
  28  2:54  Hatchery  
  28  2:55  Zergling x2  
  30  3:00  Overlord  
  30  3:05  Drone  
  30  3:06  Drone  
  32  3:22  Zergling x6  
  32  3:25  Drone x4  
  39  3:27  Drone  
  39  3:31  Overlord  
  40  3:48  Overlord  
  40  3:52  Lair  
  40  3:54  Drone x3, Extractor, Roach Warren  
  41  3:56  Extractor  
  41  3:58  Extractor  
  41  4:01  Drone  
  41  4:02  Drone x2  
  42  4:04  Drone  
  42  4:08  Drone  
  42  4:09  Drone  
  45  4:10  Drone  
  46  4:30  Spore Crawler  
  45  4:31  Spore Crawler  
  45  4:34  Roach  
  45  4:35  Roach x4  
  54  4:44  Overlord x2  
  54  4:48  Zergling x6  
  57  5:06  Spawning Pool  
  53  5:15  Zergling x8  
  57  5:23  Drone x4  
  57  5:24  Drone x3  
  64  5:44  Roach x5  
  73  5:51  Glial Reconstitution, Spire  
  70  5:58  Roach x2  
  66  6:24  Evolution Chamber  
  65  6:25  Evolution Chamber  
  65  6:27  Evolution Chamber  
  65  6:28  Evolution Chamber  
  62  6:39  Evolution Chamber  
  61  6:41  Evolution Chamber  
  60  6:51  Overseer  
  54  7:03  Mutalisk x8  
  64  7:13  Roach x2  
  34  7:48  Drone  
  34  7:49  Drone x4  
  33  7:58  Roach  
  32  8:21  Drone  
  33  8:29  Evolution Chamber  
  32  8:40  Drone x2  
  32  8:41  Drone  
  34  9:00  Mutalisk x2  
Show
View Real Time Build Order
Export as new Build Order

Birk Protoss - Winner!

Build Orders: 1 Gate Expand 

Get SALT Encoding   

  12  0:01  Probe (Chrono Boost)  
  13  0:11  Probe (Chrono Boost)  
  14  0:20  Pylon  
  14  0:23  Probe (Chrono Boost)  
  15  0:39  Probe (Chrono Boost)  
  15  0:42  Gateway  
  16  0:49  Probe (Chrono Boost)  
  17  0:52  Assimilator  
  17  1:00  Probe (Chrono Boost)  
  18  1:10  Probe (Chrono Boost)  
  19  1:23  Nexus  
  19  1:32  Cybernetics Core  
  19  1:40  Probe (Chrono Boost)  
  19  1:43  Pylon  
  20  1:49  Assimilator  
  20  1:51  Probe (Chrono Boost)  
  21  2:01  Probe (Chrono Boost)  
  22  2:11  Adept  
  22  2:12  Warp Gate  
  22  2:14  Probe (Chrono Boost)  
  24  2:25  Probe (Chrono Boost)  
  25  2:37  Gateway  
  25  2:38  Probe x2 (Chrono Boost)  
  25  2:42  Twilight Council  
  27  2:49  Probe (Chrono Boost)  
  28  2:53  Stalker  
  28  2:56  Probe (Chrono Boost)  
  31  2:59  Probe (Chrono Boost)  
  31  3:05  Pylon  
  32  3:08  Probe (Chrono Boost)  
  32  3:11  Probe (Chrono Boost)  
  34  3:18  Probe (Chrono Boost)  
  34  3:19  Resonating Glaives  
  35  3:23  Adept  
  35  3:26  Probe (Chrono Boost)  
  38  3:29  Probe (Chrono Boost)  
  39  3:37  Probe (Chrono Boost)  
  39  3:39  Probe (Chrono Boost)  
  41  3:52  Gateway  
  41  3:53  Gateway  
  41  3:54  Probe x2 (Chrono Boost)  
  43  4:04  Pylon, Probe (Chrono Boost)  
  43  4:05  Mothership Core (Chrono Boost)  
  46  4:12  Pylon  
  46  4:16  Gateway  
  46  4:19  Gateway  
  46  4:23  Dark Shrine  
  46  4:26  Probe (Chrono Boost)  
  46  4:27  Probe (Chrono Boost)  
  46  4:31  Gateway  
  48  4:43  Probe x2 (Chrono Boost)  
  48  4:44  Assimilator  
  50  4:48  Pylon  
  50  4:49  Assimilator  
  50  4:53  Pylon  
  50  4:57  Pylon  
  50  4:59  Adept x2  
  54  5:02  Probe x2 (Chrono Boost)  
  56  5:17  Adept  
  56  5:18  Adept  
  56  5:20  Adept  
  56  5:21  Adept  
  64  5:26  Stargate  
  64  5:33  Adept x3  
  70  5:44  Adept x4  
  78  5:54  Adept x2  
  78  5:55  Adept  
  78  6:18  Dark Templar x2  
  78  6:19  Dark Templar  
  78  6:20  Adept  
  86  6:33  Adept  
  86  6:34  Adept x2  
  88  6:58  Adept x5  
  86  7:28  Adept x3  
  86  7:29  Adept  
  94  7:35  Stargate  
  86  7:44  Stalker x2  
  84  7:49  Phoenix  
  80  8:00  Stalker x3  
  80  8:01  Stalker  
  80  8:03  Stalker  
  84  8:25  Stalker x6  
  84  8:26  Stalker  
  90  8:34  Phoenix  
  90  8:35  Phoenix  
  90  8:36  Pylon  
  94  9:03  Stalker x3  
  94  9:04  Stalker  
  99  9:10  Pylon  
  99  9:11  Pylon  
  99  9:12  Stalker, Pylon  
  99  9:13  Stalker x2  
  101  9:28  Pylon  
  101  9:30  Pylon  
  95  9:41  Stalker x4, Pylon  
  93  10:12  Stalker x3  
  99  10:15  Nexus  
  99  10:20  Stalker x2  
Tags
 
Add a new tag
Caveats
  • Supply blocks, unpowered buildings, or Contaminate may cause inaccurate times.
  • Supply counts are checked every 10 seconds.